 Dungeon Crawl Stone Soup version 0.32-a0-17-gb74e046682 (webtiles) character file.

Game seed: 15029831053427979853

4 bobarctor the Grave Robber (level 1, -2/13 HPs)
             Began as a Demonspawn Necromancer on Jan 16, 2024.
             Slain by a quokka (4 damage)
             ... on level 1 of the Dungeon.
             The game lasted 00:01:06 (243 turns).

bobarctor the Grave Robber (Demonspawn Necromancer)  Turns: 243, Time: 00:01:07

Health: -2/13      AC:  2    Str:  8    XL:     1   Next: 58%
Magic:  0/3        EV: 12    Int: 15    God:
Gold:   45         SH:  0    Dex: 13    Spells: 3/4 levels left

rFire   . . .        e - +0 dagger
rCold   . . .        (no shield)
rNeg    . . .        a - +0 robe
rPois   .            (no helmet)
rElec   .            (no cloak)
rCorr   .            (no gloves)
SInv    .            (no boots)
Will    .....        (no amulet)
Stlth   ++           (no ring)
HPRegen 0.22/turn    (no ring)
MPRegen 0.08/turn

%: no passive effects
@: no status effects
A: no striking features
a: no special abilities


You were on level 1 of the Dungeon.
You visited 1 branch of the dungeon, and saw 1 of its levels.

You collected 45 gold pieces.

Inventory:

Hand Weapons
 e - a +0 dagger (weapon)
Missiles
 f - 2 stones
Armour
 a - a +0 robe (worn)
Scrolls
 d - a scroll of revelation {unknown}
Potions
 b - a potion of magic
 c - a potion of heal wounds {unknown}


   Skills:
 + Level 1.8 Dodging
 + Level 1.9 Stealth
 * Level 2.1 Spellcasting
 + Level 4.4 Necromancy


You had 3 spell levels left.
You knew the following spells:

 Your Spells              Type           Power      Damage    Failure   Level
a - Necrotise             Necr           56%        1d6       3%          1

Your spell library contained the following spells:

 Spells                   Type           Power      Damage    Failure   Level
 Vampiric Draining        Necr           14%        2d7       11%         3
 Animate Dead             Necr           14%        N/A       34%         4
 Curse of Agony           Necr           14%        N/A       69%         5


Dungeon Overview and Level Annotations

Branches:
Dungeon (1/15)

Altars:


Message History

Your kobold skeleton crumbles into dust!
HP restored.
You start resting.
Magic restored.
You see here a +0 club.
Things that are here:
a +0 dagger; 2 stones
e - a +0 dagger;
f - 2 stones
e - a +0 dagger (weapon)
A quokka comes into view.
Casting: Necrotise (safe; 3% risk of failure)
Confirm with . or Enter, or press ? or * to list all spells.
Aiming: Necrotise (safe; 3% risk of failure)
Press: ? - help, Shift-Dir - straight line, f - quokka
Aim: a quokka (asleep, chance to affect: 84%)
The quokka barely resists.
Casting: Necrotise (safe; 3% risk of failure)
Confirm with . or Enter, or press ? or * to list all spells.
Aiming: Necrotise (safe; 3% risk of failure)
Press: ? - help, Shift-Dir - straight line, f/p - quokka
Aim: a quokka (chance to affect: 84%)
The quokka writhes in agony.
Casting: Necrotise (safe; 3% risk of failure)
Confirm with . or Enter, or press ? or * to list all spells.
Aiming: Necrotise (safe; 3% risk of failure)
Press: ? - help, Shift-Dir - straight line, f/p - quokka
Aim: a quokka (moderately wounded, chance to affect: 84%)
The quokka barely resists.
The quokka bites you.
You hit the quokka.
The quokka is heavily wounded.
The quokka bites you.
You closely miss the quokka.
The quokka is heavily wounded.
The quokka bites you. The quokka attacks as it pursues you!
The quokka bites you.
* * * LOW HITPOINT WARNING * * *
The quokka attacks as it pursues you! The quokka closely misses you.
The quokka attacks as it pursues you! The quokka bites you.
You die...

#........## #.....#.##
###.###.# #..# #.#
######.####.#########.#
#...........##........#
#.####.####.##.########
#.# #.##r# #.####)##@##
#..........#
#..........#
##.........#
#.........#
#...........
#.........###
#.........# ..........#


You could see a quokka.

Vanquished Creatures
  A ball python (D:1)
  A quokka (D:1)
  2 kobolds (D:1)
  A rat (D:1)
5 creatures vanquished.

Notes
Turn   | Place    | Note
-------+----------+-------------------------------------------
     0 | D:1      | bobarctor the Demonspawn Necromancer began the quest for
                  | the Orb.
     0 | D:1      | Reached XP level 1. HP: 13/13 MP: 3/3
   243 | D:1      | Slain by a quokka

Illustrated notes

Levels and vault maps discovered:
D:1:      nzn_arrival_depleted_hourglass, layout_loops_ring

Action                     || total
---------------------------++-------
  Melee: Dagger            ||     2
   Cast: Necrotise         ||    11
 Armour: Robe              ||     7
  Dodge: Dodged            ||     2

Table legend: (Time is in decaauts)
 A = Elapsed time spent in this place.
 B = Non-inter-level travel time spent in this place.
 C = Inter-level travel time spent in this place.
 D = Time resting spent in this place.
 E = Time spent auto-exploring this place.
 F = Levels seen in this place.
 G = Mean time per level.
                   A        B        C        D        E       F      G
               +--------+--------+--------+--------+--------+-----+--------+
         Total |    242 |    242 |      0 |     69 |    124 |   1 |  242.0 |
       Dungeon |    242 |    242 |      0 |     69 |    124 |   1 |  242.0 |
               +--------+--------+--------+--------+--------+-----+--------+

Top non-repeatable levels by time:
     D:1: 242 daAuts
